 Dungeon Crawl Stone Soup version 0.31.0-11-ge490571c62 (webtiles) character file.

Game seed: 2227008537031895019

30 solopath the Ruffian (level 3, 27/27 HPs)
             Began as a Demonspawn Shapeshifter on Feb 3, 2024.
             Quit the game on level 2 of the Dungeon.
             The game lasted 00:01:03 (1276 turns).

solopath the Ruffian (Demonspawn Shapeshifter)      Turns: 1276, Time: 00:01:04

Health: 27/27      AC:  2    Str: 16    XL:     3   Next: 5%
Magic:  3/3        EV: 12    Int: 12    God:
Gold:   123        SH:  0    Dex: 12    Spells: 2/2 levels left

rFire   . .          .
                       - Unarmed
rCold   . . .        (no shield)
rNeg    . . .        a - +0 animal skin
rPois   .            (helmet currently unavailable)
rElec   .            (cloak currently unavailable)
rCorr   .            (gloves currently unavailable)
SInv    .            (boots currently unavailable)
Will    .....        (no amulet)
Stlth   +            (no ring)
HPRegen 0.24/turn    (no ring)
MPRegen 0.08/turn

%: no passive effects
@: beast-form
A: beast (slay +1), antennae 1, big brain 1
a: Begin Untransformation


You were on level 2 of the Dungeon.
You were a hulking beast.
You visited 1 branch of the dungeon, and saw 2 of its levels.

You collected 123 gold pieces.

Inventory:

Armour
 a - a +0 animal skin (worn)
Jewellery
 n - a ring of resist corrosion
Talismans
 c - a beast talisman
 d - a flux talisman
Scrolls
 e - 2 scrolls of enchant armour {unknown}
 f - 2 scrolls of amnesia {unknown}
 g - a scroll of revelation {unknown}
 h - a scroll of fear {unknown}
 m - 2 scrolls of teleportation {unknown}
 o - a scroll of identify {unknown}
Potions
 b - a potion of lignification
 i - a potion of enlightenment {unknown}
 j - 2 potions of brilliance {unknown}
 k - a potion of haste {unknown}
 l - 2 potions of curing {unknown}
 p - a potion of resistance {unknown}


   Skills:
 + Level 1.6 Fighting
 - Level 1.7 Dodging
 * Level 3.3 Unarmed Combat
 + Level 2.9 Shapeshifting


You had 2 spell levels left.
You didn't know any spells.
Your spell library was empty.

Dungeon Overview and Level Annotations

Branches:
Dungeon (2/15)

Altars:


Innate Abilities, Weirdness & Mutations

You are a hulking beast.
Your limbs bulge with bestial killing power. (Slay +1)
You have a pair of small antennae on your head.
You have an unusually large brain. (Int +2)


Message History

The ball python barely misses you. The ball python grabs you.
The ball python constricts you.
You hit the ball python but do no damage.
The ball python is severely wounded.
The ball python barely misses you. The ball python constricts you.
You completely miss the ball python.
The ball python is severely wounded.
The ball python bites you. The ball python constricts you.
You hit the ball python.
You kill the ball python!
No target in view!
No target in view!
p - a silvery potion A giant cockroach comes into view.
A giant cockroach is nearby!
A giant cockroach is nearby!
The giant cockroach closely misses you. x2
You completely miss the giant cockroach.
The giant cockroach bites you but does no damage.
You hit the giant cockroach but do no damage.
The giant cockroach misses you.
You closely miss the giant cockroach.
The giant cockroach bites you but does no damage.
You hit the giant cockroach.
You kill the giant cockroach!
No target in view!
No target in view!
No target in view!
No target in view!
No target in view!
No target in view!
No target in view!
You see here a giant cockroach corpse.
Done exploring.
Done exploring.
Done exploring.
No target in view!
Done exploring.
Done exploring.
Are you sure you want to abandon this character and quit the game? (Confirm with "yes".)

##..#..............#
#
##.#.##...........#
# #..>##...........#
# ###.####.#########
# #.# #.# #.# #.#
#.# #.# #.####.#
#....h.# ########


There were no monsters in sight!

Vanquished Creatures
  A bat (D:1)
  3 endoplasms (D:1)
  4 giant cockroaches
  A goblin (D:1)
  4 jackals (D:1)
  A quokka (D:2)
  3 ball pythons
  2 frilled lizards (D:1)
  3 kobolds
  5 rats (D:1)
27 creatures vanquished.

Notes
Turn   | Place    | Note
-------+----------+-------------------------------------------
     0 | D:1      | solopath the Demonspawn Shapeshifter began the quest for
                  | the Orb.
     0 | D:1      | Reached XP level 1. HP: 15/15 MP: 1/1
   218 | D:1      | Reached skill level 3 in Unarmed Combat
   220 | D:1      | Gained mutation: You have an unusually large brain. (Int
                  | +2) [demonic ancestry]
   220 | D:1      | Reached XP level 2. HP: 18/21 MP: 2/2
   362 | D:1      | HP: 1/21 [jackal (1)]
  1014 | D:2      | Gained mutation: You have a pair of small antennae on your
                  | head. [demonic ancestry]
  1014 | D:2      | Reached XP level 3. HP: 21/26 MP: 3/3
  1276 | D:2      | Quit the game

Illustrated notes

Levels and vault maps discovered:
D:1:      orjb1_clovarrival, layout_basic, serial_forest,
          infiniplex_forest_clump_large, infiniplex_forest_end_3,
          infiniplex_forest_lined_1, infiniplex_forest_clump_double,
          infiniplex_forest_lined_2, infiniplex_forest_lined_2,
          infiniplex_forest_clump_diagonal
D:2:      layout_basic

Skill      XL: |  1 |
---------------+----+-----
Unarmed Combat | 3 |  3.3
Fighting       | |  1.6
Dodging        | |  1.7
Shapeshifting  | |  2.9

Action                     || total
---------------------------++-------
  Melee: Unarmed           ||    92
         Punch             ||     1
    Use: Potion            ||     1
   Stab: Sleeping          ||     3
 Armour: Animal skin       ||    47
  Dodge: Dodged            ||    57
